 Dungeon Crawl Stone Soup version 0.25-a0-803-g58bd18402a (webtiles) character file.

Game seed: 10278746544366980623, levelgen mode: deterministic

53647 Majang the Covert (level 14, -9/74 HPs)
             Began as a Vine Stalker Assassin on Apr 17, 2020.
             Was a High Priest of Dithmenos.
             Shot with an arrow by Nessos (16 damage)
             ... on level 6 of the Lair of Beasts on Apr 19, 2020.
             The game lasted 03:12:15 (25413 turns).

Majang the Covert (Vine Stalker Assassin)          Turns: 25413, Time: 03:12:15

Health: -9/74      AC:  9    Str: 16    XL:     14   Next: 69%
Magic:  0/23       EV: 18    Int: 17    God:    Dithmenos [*****.]
Gold:   2203       SH:  0    Dex: 19    Spells: 22/24 levels left

rFire    + . .     SeeInvis .   a - +0 dagger (venom)
rCold    . . .     Gourm    .   (no shield)
rNeg     . . .     Faith    .   E - +1 troll leather armour
rPois    .         Spirit   +   P - +0 helmet of Elyvilon's Esteem {MR+ Int+5 Dex-4}
rElec    .         Reflect  .   c - +1 cloak
rCorr    +         Harm     .   j - +1 pair of gloves "Iluth" {+Blink rF+ rC- rCorr}
MR       ++...                  q - +0 pair of boots
Stlth    +++++++...             D - amulet of the acrobat
HPRegen  1.42/turn              Q - +5 ring of dexterity
MPRegen  0.18/turn              s - ring of protection from cold

@: wreathed by umbra, lightly drained
A: fangs 3, deformed body, regeneration 2, magic shield, antimagic bite, no
potion heal 3, rot immunity
a: Shadow Step, Shadow Form, Renounce Religion, Evoke Blink


You were on level 6 of the Lair of Beasts.
You worshipped Dithmenos.
Dithmenos was extremely pleased with you.
You were not hungry.

You visited 4 branches of the dungeon, and saw 20 of its levels.
You also visited: Gauntlet.

You collected 4936 gold pieces.
You spent 2733 gold pieces at shops.

Inventory:

Hand Weapons
 a - a +0 dagger of venom (weapon)
 b - a +1 dagger of speed
 L - a +1 dagger of freezing
 N - a +2 dagger
Missiles
 d - 34 poisoned darts (quivered)
 e - 10 curare-tipped darts
 w - 36 boomerangs
 G - 7 atropa-tipped darts
 X - 2 throwing nets
Armour
 c - a +1 cloak (worn)
 j - the +1 pair of gloves "Iluth" (worn) {+Blink rF+ rC- rCorr}
   (You acquired it on level 2 of the Lair of Beasts)

   It protects you from fire.
   It makes you vulnerable to cold.
   It lets you blink.
   It provides partial protection from all sources of acid and corrosion.
 q - a +0 pair of boots (worn)
 E - a +1 troll leather armour (worn)
 P - the +0 helmet of Elyvilon's Esteem (worn) {MR+ Int+5 Dex-4}
   (You found it on level 11 of the Dungeon)

   It affects your intelligence (+5).
   It affects your dexterity (-4).
   It affects your resistance to hostile enchantments.
Jewellery
 m - an uncursed ring of positive energy
 s - a ring of protection from cold (right hand)
 y - an uncursed ring of protection from magic
 z - an uncursed ring of see invisible
 D - an amulet of the acrobat (around neck)
 M - an uncursed ring of fire
 Q - a +5 ring of dexterity (left hand)
Wands
 A - a wand of acid (2)
 F - a wand of paralysis (18)
 O - a wand of flame (17)
 S - a wand of iceblast (10)
Scrolls
 l - 10 scrolls of remove curse
 o - 2 scrolls of amnesia
 p - 3 scrolls of blinking
 u - 13 scrolls of identify
 x - 9 scrolls of teleportation
 C - a scroll of fear
Potions
 g - 3 potions of flight
 h - 4 potions of lignification
 k - 3 potions of stabbing
 n - 4 potions of might
 r - 5 potions of curing
 B - 4 potions of invisibility
 H - 2 potions of resistance
 J - 6 potions of brilliance
 K - a potion of cancellation
 R - a potion of magic
Miscellaneous
 U - a box of beasts
 V - a lightning rod (4/4)
 W - a phial of floods
Comestibles
 f - 36 rations
 i - 4 chunks of flesh


   Skills:
 + Level 8.9(8.5) Fighting
 - Level 10.0(9.6) Short Blades
 + Level 8.8(8.4) Throwing
 + Level 8.0(7.6) Dodging
 - Level 10.0(9.6) Stealth
 + Level 5.7(5.3) Spellcasting
 + Level 5.6(5.3) Hexes
 + Level 5.6(5.3) Ice Magic
 + Level 7.5(7.1) Invocations
 + Level 8.3(7.9) Evocations


You had 22 spell levels left.
You knew the following spells:

 Your Spells              Type           Power        Failure   Level  Hunger
a - Ensorcelled Hibernat  Hex/Ice        ###...       3%          2    #......

Your spell library contained the following spells:

 Spells                   Type           Power        Failure   Level  Hunger
 Corona                   Hex            ###....      1%          1    None
 Confusing Touch          Hex            ###.....     6%          3    ##.....
 Tukima's Dance           Hex            ###.....     6%          3    ##.....
 Animate Skeleton         Necr           N/A          17%         1    None
 Apportation              Tloc           #.....       17%         1    None
 Beastly Appendage        Tmut           #.....       17%         1    None
 Summon Small Mammal      Summ           #...         17%         1    None
 Dazzling Flash           Conj/Hex       ##....       17%         3    ##.....
 Sticks to Snakes         Tmut           #.......     26%         2    #......
 Spider Form              Tmut/Pois      #.........   45%         3    ##.....
 Ice Form                 Ice/Tmut       ##......     50%         4    ####...
 Blade Hands              Tmut           #.........   99%         5    ######.


Dungeon Overview and Level Annotations

Branches:
Dungeon (11/15)            Temple (1/1) D:4            Lair (6/6) D:11
 Shoals (0/4) Lair:2        Snake (0/4) Lair:3        Slime (0/5) Lair:6
    Orc (2/2) D:10            Elf (0/3) Orc:2       Gauntlet (visited)

Altars:
Ashenzari
Cheibriados
Dithmenos
Elyvilon
Fedhas
Gozag
Hepliaklqana
Kikubaaqudgha
Makhleb
Nemelex Xobeh
Okawaru
Qazlal
Ru
Sif Muna
Trog
Uskayaw
Vehumet
Wu Jian
Xom
Yredelemnul
Zin
The Shining One
Jiyva

Shops:
D:8 }   D:9 !%   D:10 *   Orc:2 [}%?

Portals:
Pandemonium: Orc:2

Annotations:
D:5 2 runed translucent doors, Bapho's ghost, novice HuBe
Lair:6 Nessos


Innate Abilities, Weirdness & Mutations

You have razor-sharp teeth.
You heal very quickly.
When hurt, damage is shared between your health and your magic reserves.
Your bite disrupts and absorbs the magic of your enemies.
Potions cannot restore your health.
You are immune to rotting.
Armour fits poorly on your strangely shaped body.


Message History

Nessos zaps a wand.
Nessos creates a blast of negative energy!
You are engulfed in negative energy.
You feel drained. Nessos barely misses you.
Nessos zaps a wand.
Nessos creates a blast of flame!
Nessos hits you but does no damage.
You blink.
You feel slightly more hungry.
You are engulfed in negative energy.
You feel drained.
Something bites the fungus!
Something bites the fungus.
Nessos wields a +3 longbow of flaming.
It bursts into flame!
Nessos shoots an arrow.
The arrow hits you!!
* * * LOW HITPOINT WARNING * * *
The arrow burns you.
* * * LOW HITPOINT WARNING * * *
The dream sheep bites the fungus.
Nessos shoots an arrow.
The arrow completely misses you.
Things that are here:
an arrow; a dream sheep skeleton
As you read the scroll of fog, it crumbles to dust.
The scroll dissolves into smoke.
Nessos shoots an arrow.
The arrow hits you!
You die...

#...........###
...#.....YP....#
#....#PP.Y..#
#......PP....##
.........cP.....#
..####....##..### #
....###§§#
##..###§§§# # ###
#.## ##§@##
####.####..#####§§#
..P.#.....###.##§##
.P........##.#.#§#
...#...........c§#
...#...÷..###..###
.........###.###
.P..###### ###
.####


You could see Nessos.

Vanquished Creatures
  Gastronok (Lair:2)
  Harold (D:11)
  3 hydras
  Erolcha (D:11)
  2 two-headed ogres
  8 orc high priests (Orc:2)
  An ogre mage (Orc:1)
  An infernal demonspawn (Orc:2)
  A harpy (Lair:6)
  A torturous demonspawn (Orc:2)
  4 orc knights (Orc:2)
  6 orc sorcerers
  2 ugly things (D:11)
  An elephant (Lair:6)
  A manticore (Lair:6)
  A merfolk siren (Lair:2)
  4 black mambas
  2 gargoyles
  3 centaur zombies
  10 spiny frogs
  5 komodo dragons
  A kobold demonologist (D:11)
  2 rime drakes
  A hellwing (Orc:2)
  2 red devils (Orc:2)
  3 polar bears (Lair:6)
  A wind drake (Lair:6)
  2 hornets
  4 trolls
  A merfolk (Lair:2)
  10 blink frogs
  A dream sheep (Lair:6)
  4 hippogriffs
  A vampire (D:11)
  A wyvern (D:9)
  A shadow (D:11)
  2 basilisks
  23 yaks
  A chaos spawn (Orc:2)
  A hungry ghost (D:10)
  3 wargs
  A naga (Lair:3)
  12 water moccasins
  5 porcupines
  4 sky beasts
  29 orc warriors
  6 ice beasts
  A necrophage (D:5)
  2 phantoms
  18 ogres
  7 wolves
  An eye of draining (D:8)
  5 centaurs
  11 crocodiles
  15 bullfrogs
  4 big kobolds
  A wyvern zombie (D:7)
  3 scorpions
  10 killer bees
  8 howler monkeys
  2 electric eels (Lair:2)
  A bullfrog zombie (D:9)
  5 crimson imps
  2 jellies
  7 hounds
  30 orc priests
  3 bullfrog skeletons
  26 orc wizards
  4 centaur skeletons
  A gnoll shaman (D:9)
  2 iguanas
  8 worker ants
  8 gnolls
  A howler monkey skeleton (D:10)
  11 adders
  2 oozes
  An adder zombie (D:8)
  2 adder skeletons
  4 worms
  4 dart slugs
  4 leopard geckos
  65 orcs
  A bat zombie (D:5)
  4 giant cockroaches
  11 goblins
  4 hobgoblins
  5 jackals
  29 kobolds
  6 quokkas
  2 bats
  4 frilled lizards
  A giant cockroach zombie (D:5)
  A leopard gecko skeleton (D:6)
  A quokka skeleton (D:7)
  7 rats
  A rat zombie (D:5)
537 creatures vanquished.

Vanquished Creatures (collateral kills)
  The ghost of Shavain the Pandemonic, a journeyman DsGl of Makhleb (Lair:6)
  A hell beast (Orc:2)
  An orange demon (Orc:2)
  A chaos spawn (Orc:2)
  2 fungi (Lair:5)
6 creatures vanquished.

Vanquished Creatures (others)
  A wizard (D:4)
  13 fungi
  9 plants
  3 withered plants (Gauntlet)
26 creatures vanquished.

Grand Total: 569 creatures vanquished

Notes
Turn   | Place    | Note
-------+----------+-------------------------------------------
     0 | D:1      | Majang the Vine Stalker Assassin began the quest for the
                  | Orb.
     0 | D:1      | Reached XP level 1. HP: 11/11 MP: 2/2
   381 | D:1      | Reached XP level 2. HP: 11/15 MP: 3/3
   477 | D:1      | Reached skill level 1 in Dodging
   707 | D:1      | Reached skill level 5 in Stealth
  1431 | D:2      | Reached XP level 3. HP: 18/18 MP: 4/4
  2017 | D:2      | Gained mutation: Your natural rate of healing is unusually
                  | fast. [Vine Stalker growth]
  2017 | D:2      | Reached XP level 4. HP: 18/23 MP: 5/5
  3033 | D:3      | Reached XP level 5. HP: 22/27 MP: 6/6
  3337 | D:4      | Found a bloodstained altar of Trog.
  3338 | D:4      | Found a hazy altar of Hepliaklqana.
  3343 | D:4      | Found a hide-covered altar of Uskayaw.
  3345 | D:4      | Found a burning altar of Makhleb.
  3345 | D:4      | Found a glowing silver altar of Zin.
  3352 | D:4      | Found a staircase to the Ecumenical Temple.
  3362 | Temple   | Entered the Ecumenical Temple
  3483 | D:4      | Got a shimmering glass ring
  3488 | D:4      | Identified the ring of Nidik {Dex+3 Stlth+} (You found it
                  | on level 4 of the Dungeon)
  3571 | D:4      | Found a bloodstained altar of Trog.
  3572 | D:4      | Noticed a wizard
  3577 | D:4      | Killed a wizard
  4167 | D:4      | Reached XP level 6. HP: 27/32 MP: 5/7
  4573 | D:5      | Entered Level 5 of the Dungeon
  4605 | D:5      | Noticed a necrophage
  4632 | D:5      | Killed a necrophage
  4634 | D:5      | Noticed a phantom
  4663 | D:5      | Killed a phantom
  4762 | D:5      | Reached XP level 7. HP: 36/36 MP: 8/8
  4922 | D:5      | Found a stormy altar of Qazlal.
  4926 | D:5      | Noticed a fire elemental
  4940 | D:5      | Reached skill level 1 in Evocations
  4976 | D:5      | Found a runed translucent door.
  4981 | D:5      | Noticed Bapho's ghost (novice HuBe)
  4997 | D:5      | Found a runed translucent door.
  5014 | D:5      | Noticed an air elemental
  5015 | D:5      | Noticed a water elemental
  5037 | D:5      | Found an ancient bone altar of Kikubaaqudgha.
  5215 | D:5      | Gained mutation: You have razor-sharp teeth. [Vine Stalker
                  | growth]
  5215 | D:5      | Reached XP level 8. HP: 23/40 MP: 8/10
  5414 | D:6      | Reached skill level 5 in Short Blades
  6222 | D:6      | Found a shattered altar of Ashenzari.
  6346 | D:6      | Found a sparkling altar of Nemelex Xobeh.
  6471 | D:7      | Identified a scroll of acquirement
  6471 | D:7      | Identified the ring of Joy {+Inv rPois rF- rC+++ Dex-5}
                  | (You acquired it on level 7 of the Dungeon)
  6589 | D:7      | Noticed a four-headed hydra
  6597 | D:7      | Killed a four-headed hydra
  6597 | D:7      | Reached XP level 9. HP: 46/46 MP: 10/12
  6873 | D:7      | Found a blossoming altar of Fedhas.
  6910 | D:7      | Noticed a hornet
  7040 | D:7      | Paralysed by a hornet for 2 turns
  7136 | D:7      | Killed a hornet
  7587 | D:7      | Upgraded the game from 0.25-a0-785-gb22c70e859 to
                  | 0.25-a0-786-g5b70d41e48
  7626 | D:7      | Reached skill level 5 in Fighting
  7626 | D:7      | Reached skill level 5 in Throwing
  7775 | D:7      | Found an opulent altar of Gozag.
  7792 | D:7      | Reached XP level 10. HP: 51/51 MP: 13/13
  8237 | D:8      | Found a glowing golden altar of the Shining One.
  8311 | D:8      | Found Atuc's Gadget Shop.
  8314 | D:8      | Bought a phantom mirror for 450 gold pieces
  8314 | D:8      | Bought a wand of iceblast (6) for 150 gold pieces
  8314 | D:8      | Bought a tin of tremorstones for 225 gold pieces
  8314 | D:8      | Bought a box of beasts for 300 gold pieces
  8314 | D:8      | Bought a lightning rod (4/4) for 600 gold pieces
  8502 | D:8      | Found a shadowy altar of Dithmenos.
  8510 | D:8      | Became a worshipper of Dithmenos the Shadowed
  9135 | D:9      | Reached skill level 1 in Invocations
  9250 | D:9      | Found Pucime Qyde's Food Shop.
  9478 | D:9      | Reached * piety under Dithmenos
  9630 | D:9      | Found Etism's Distillery.
  9650 | D:9      | Bought a potion of stabbing for 56 gold pieces
  9650 | D:9      | Bought a potion of lignification for 42 gold pieces
  9650 | D:9      | Bought a potion of invisibility for 112 gold pieces
  9650 | D:9      | Bought 2 potions of curing for 84 gold pieces
  9780 | D:9      | Reached skill level 5 in Dodging
 10227 | D:9      | Found a glowing golden altar of the Shining One.
 10264 | D:10     | Entered Level 10 of the Dungeon
 10293 | D:9      | Reached XP level 11. HP: 56/56 MP: 15/15
 10311 | D:9      | Reached ** piety under Dithmenos
 10729 | D:9      | Reached skill level 5 in Evocations
 11016 | D:10     | Found a staircase to the Orcish Mines.
 11704 | D:10     | Reached skill level 10 in Stealth
 11915 | D:10     | Found Uryc's Lightly-Used Armoury.
 12259 | D:11     | Noticed a two-headed ogre
 12278 | D:11     | Killed a two-headed ogre
 12428 | D:11     | Noticed a two-headed ogre
 12829 | D:11     | Noticed a sun demon
 12856 | D:11     | Reached *** piety under Dithmenos
 12952 | D:11     | Noticed a brown ugly thing
 12959 | D:11     | Killed a brown ugly thing
 12964 | D:11     | Noticed a cyan ugly thing
 12967 | D:11     | Killed a cyan ugly thing
 12967 | D:11     | Gained mutation: You heal very quickly. [Vine Stalker
                  | growth]
 12967 | D:11     | Reached XP level 12. HP: 62/62 MP: 17/17
 12978 | D:11     | Found a staircase to the Lair.
 13008 | D:11     | Got an ichor-stained helmet
 13019 | D:11     | Identified the +0 helmet of Elyvilon's Esteem {MR+ Int+5
                  | Dex-4} (You found it on level 11 of the Dungeon)
 13127 | D:11     | Noticed Harold
 13132 | D:11     | Killed Harold
 13257 | D:11     | Noticed Erolcha
 13268 | D:11     | Killed Erolcha
 13419 | Orc:1    | Entered Level 1 of the Orcish Mines
 13584 | Orc:1    | Noticed an ogre mage
 13589 | Orc:1    | Killed an ogre mage
 13589 | Orc:1    | Reached skill level 10 in Short Blades
 13624 | Orc:1    | Learned a level 2 spell: Ensorcelled Hibernation
 13804 | Orc:2    | Entered Level 2 of the Orcish Mines
 14003 | Orc:2    | Found a staircase to the Elven Halls.
 14241 | Orc:1    | Reached skill level 5 in Invocations
 14266 | Orc:1    | Reached skill level 1 in Spellcasting
 14266 | Orc:1    | Reached skill level 1 in Ice Magic
 14319 | Orc:2    | Reached skill level 1 in Hexes
 14813 | Orc:2    | Reached **** piety under Dithmenos
 15947 | Orc:2    | Gained mutation: Armour fits poorly on your strangely
                  | shaped body. [a neqoxec]
 15951 | Orc:2    | Noticed a hell beast
 15951 | Orc:2    | a neqoxec changed into a hell beast
 16081 | Orc:2    | HP: 1/63 [hell beast (5)]
 16081 | Orc:2    | Killed a hell beast
 16219 | Orc:2    | Found Raplah's Food Boutique.
 16285 | Orc:2    | Found Guiruz's Magic Scroll Shop.
 16529 | Orc:2    | Reached XP level 13. HP: 57/67 MP: 19/19
 16612 | Orc:2    | Bought a scroll of enchant weapon for 127 gold pieces
 16612 | Orc:2    | Bought a scroll of identify for 34 gold pieces
 16612 | Orc:2    | Bought a scroll of teleportation for 51 gold pieces
 16612 | Orc:2    | Bought a scroll of teleportation for 51 gold pieces
 16612 | Orc:2    | Bought a scroll of teleportation for 51 gold pieces
 16612 | Orc:2    | Bought a scroll of teleportation for 51 gold pieces
 16612 | Orc:2    | Bought a scroll of enchant armour for 127 gold pieces
 16612 | Orc:2    | Bought a scroll of identify for 34 gold pieces
 16612 | Orc:2    | Bought a scroll of identify for 34 gold pieces
 16643 | Orc:2    | Reached ***** piety under Dithmenos
 18070 | Orc:2    | Upgraded the game from 0.25-a0-786-g5b70d41e48 to
                  | 0.25-a0-803-g58bd18402a
 18608 | Orc:2    | Found Xeffobb's Gadget Emporium.
 18608 | Orc:2    | Found a one-way gate leading to the halls of Pandemonium.
 18608 | Orc:2    | Found Tofuod's Antique Armour Shoppe.
 18722 | Orc:2    | Bought a wand of paralysis (12) for 154 gold pieces
 18977 | Lair:1   | Entered Level 1 of the Lair of Beasts
 19976 | Lair:2   | Found a snail-covered altar of Cheibriados.
 20145 | Lair:2   | Noticed Gastronok
 20216 | Lair:2   | Identified the +1 pair of gloves "Iluth" {+Blink rF+ rC-
                  | rCorr} (You acquired it on level 2 of the Lair of Beasts)
 20535 | Lair:2   | Found a staircase to the Shoals.
 20614 | Lair:2   | Killed Gastronok
 20614 | Lair:2   | Reached XP level 14. HP: 68/74 MP: 16/21
 21915 | Lair:3   | Reached skill level 5 in Spellcasting
 21945 | Lair:3   | Reached skill level 5 in Ice Magic
 21955 | Lair:3   | Reached skill level 5 in Hexes
 22129 | Lair:3   | Found a staircase to the Snake Pit.
 22357 | Lair:4   | Found a gate leading to a gauntlet.
 22366 | Gauntlet | Entered a Gauntlet
 22366 | Gauntlet | Found a transporter.
 22366 | Gauntlet | Found a transporter.
 22366 | Gauntlet | Found a transporter.
 22367 | Gauntlet | Found a transporter.
 22370 | Gauntlet | Found a transporter.
 22371 | Gauntlet | Found a transporter.
 22393 | Gauntlet | Found a transporter.
 22397 | Gauntlet | Found a transporter.
 22397 | Gauntlet | Found a transporter.
 22398 | Gauntlet | Found a transporter.
 22411 | Gauntlet | Found a transporter.
 22415 | Gauntlet | Found a transporter.
 24426 | Lair:6   | Entered Level 6 of the Lair of Beasts
 24983 | Lair:6   | Found a runed translucent gate.
 24983 | Lair:6   | Found a runed translucent gate.
 24984 | Lair:6   | Found a runed translucent gate.
 24992 | Lair:6   | Noticed Shavain's ghost (journeyman DsGl)
 25008 | Lair:6   | Killed Shavain's ghost
 25051 | Lair:6   | Found a viscous altar of Jiyva.
 25051 | Lair:6   | Found a staircase to the Slime Pits.
 25134 | Lair:6   | Noticed Nessos
 25413 | Lair:6   | Shot with an arrow by Nessos

Levels and vault maps discovered:
D:1:      grunt_arrival_lava_bath, layout_loops_corners, hangedman_decor_points
D:2:      layout_basic, serial_corexii_hall, corexii_hall_statues_l,
          corexii_hall_statues_i, corexii_hall_statues_i,
          chequers_hall_statues_wall_a
D:3:      layout_loops_ring
D:4:      layout_layer_cave, grunt_temple_overflow_open,
          minmay_temple_entry_mist, first_ration, trog_wizard
D:5:      layout_basic, lemuel_zombie_altar_kikubaaqudgha,
          nicolae_qazlal_style_of_elements, ebering_ghost_sewer_f
D:6:      layout_basic, kennysheep_mini_moat, kennysheep_little_box
D:7:      layout_gridville, grunt_gozag_statues, fedhas_altar_3, grunt_ogre_cave
D:8:      layout_loops_ring, lemuel_coloured_pillars_altar, serial_shops,
          kennysheep_mini, nicolae_tso_carved_into_rock
D:9:      layout_roguey, lemuel_doored_altar, serial_shops, shop_fountains,
          shop_statue
D:10:     layout_rooms, david_orc_3, minmay_shop_damaged, minmay_bent
D:11:     layout_loops_ring, lair_entry_dummy, uniq_erolcha, uniq_harold
Temple:   nicolae_temple_figure_zero
Lair:1:   layout_gridlike
Lair:2:   layout_loops_ring, elwin_shoals_entry_rooms, basic_altar,
          serial_bayou_shore_a, uniq_gastronok
Lair:3:   layout_gridlike, guppyfry_snake_entry_island, grunt_megastairs_1,
          serial_bayou_shore_b
Lair:4:   layout_cave_pods, gauntlet_entry_generic, st_stairs_9
Lair:5:   layout_layer_cave, infiniplex_staircase_pool_2
Lair:6:   gammafunk_lair_ancient_temple, layout_loops_ring, slime_altar_1,
          ebering_ghost_rock_garden, lemuel_fruit_fields, lemuel_fruit_tree,
          uniq_nessos
Orc:1:    layout_diamond_mine, mines4_lemuel
Orc:2:    pf_orc_diabolical, layout_diamond_mine

Skill      XL: |  1  2  3  4  5  6  7  8  9 10 11 12 13 14 |
---------------+-------------------------------------------+-----
Short Blades   | 2 3 4 6 7 8 9 10 | 10.0
Dodging        | 1 2 3 4 5 6 7 8 |  8.0
Fighting       | 2 3 4 5 6 7 8 |  8.9
Stealth        | 5 6 8 9 10 | 10.0
Throwing       | 2 3 4 5 6 7 8 |  8.8
Evocations     | 1 3 4 5 6 7 8 |  8.3
Invocations    | 2 4 5 6 7 |  7.5
Spellcasting   | 2 4 5 |  5.7
Ice Magic      | 2 4 5 |  5.6
Hexes          | 2 4 5 |  5.6

Action                   |  1- 3 |  4- 6 |  7- 9 | 10-12 | 13-15 || total
-------------------------+-------+-------+-------+-------+-------++-------
Melee: Dagger            |   106 |   170 |   308 |  1522 |   723 ||  2829
       Bite              |    16 |    51 |   122 |   581 |   226 ||   996
Throw: Dart              |    17 |    25 |    59 |   172 |    75 ||   348
       Boomerang         |       |     2 |       |     8 |    14 ||    24
       Throwing net      |       |       |     3 |     7 |     2 ||    12
 Cast: Ensorcelled Hiber |       |       |       |       |   107 ||   107
Invok: Shadow Step       |       |       |       |     1 |     1 ||     2
 Abil: Evoke Blink       |       |       |       |       |     2 ||     2
Evoke: Wand              |       |       |     1 |    13 |     1 ||    15
       Phial of floods   |       |       |       |     2 |       ||     2
       Lightning rod     |       |       |       |     9 |       ||     9
       Box of beasts     |       |       |       |     2 |     1 ||     3
       Phantom mirror    |       |       |       |     1 |       ||     1
  Use: Scroll            |       |     8 |     6 |    10 |    10 ||    34
       Potion            |       |       |       |    11 |     1 ||    12
 Stab: Sleeping          |     4 |     9 |    15 |    28 |    76 ||   132
       Distracted        |       |     1 |       |     2 |     3 ||     6
       Held in net/web   |       |       |     1 |     9 |     2 ||    12
       Invisible         |       |       |       |     1 |       ||     1
  Eat: Chunk             |     3 |     8 |    10 |    26 |    29 ||    76
       Ration            |       |       |       |     1 |       ||     1
Armor: Robe              |     7 |    25 |    21 |    85 |    21 ||   159
       Troll leather arm |       |       |       |    39 |    44 ||    83
Dodge: Dodged            |    45 |    49 |   105 |   718 |   373 ||  1290

Table legend:
 A = Non-vault XP
 B = Vault XP
 C = Vault XP percentage of total XP
 D = Non-vault monster count
 E = Vault monster count
 F = Vault count percentage of total count
                 A         B        C        D         E       F
            +---------+---------+-------+---------+---------+-------
      Total |   44716 |   31923 |  41.7 |     434 |     107 |  19.8
            +---------+---------+-------+---------+---------+-------
        D:1 |      30 |       0 |   0.0 |      13 |       0 |   0.0
        D:2 |      74 |       0 |   0.0 |      29 |       0 |   0.0
        D:3 |     140 |       0 |   0.0 |      19 |       0 |   0.0
        D:4 |     108 |       0 |   0.0 |      10 |       0 |   0.0
        D:5 |     880 |       3 |   0.3 |      14 |       2 |  12.5
        D:6 |     703 |       0 |   0.0 |      17 |       0 |   0.0
        D:7 |    2715 |     116 |   4.1 |      39 |       1 |   2.5
        D:8 |    1876 |       0 |   0.0 |      31 |       0 |   0.0
        D:9 |    5356 |     375 |   6.5 |      72 |       4 |   5.3
       D:10 |    2691 |     663 |  19.8 |      21 |       8 |  27.6
       D:11 |    5570 |    2012 |  26.5 |      27 |       2 |   6.9
     Lair:1 |    2077 |       0 |   0.0 |       9 |       0 |   0.0
     Lair:2 |    3765 |    3095 |  45.1 |      17 |       3 |  15.0
     Lair:3 |    5175 |     356 |   6.4 |      22 |       2 |   8.3
     Lair:4 |    1523 |       0 |   0.0 |       9 |       0 |   0.0
     Lair:5 |    3533 |       0 |   0.0 |      14 |       0 |   0.0
     Lair:6 |    3328 |    6428 |  65.9 |      11 |      15 |  57.7
      Orc:1 |    2669 |    1456 |  35.3 |      29 |       6 |  17.1
      Orc:2 |    2503 |   17419 |  87.4 |      31 |      64 |  67.4
            +---------+---------+-------+---------+---------+-------
